[ AOE2 MATCH · #477014137 ]
1v1 EWKhmer vs Poles
Player's team · LOSS
Rival team · WIN
[ REPLAY ANALYSIS · EXTRACTED FROM THE RECORDED GAME ]
Feudal
—
Castle
11:17
Imperial
—
| APM avg | 29.4 |
| APM peak | 41 |
| eAPM avg | 15.7 |
| Villagers / military | 24 / 43 |
Focus
⚔️ 34.8% · 🌾 65.2%
Scout Cavalry ×18 · Skirmisher ×17 · Knight ×5 · Spearman ×2 · Battle Elephant ×1
Feudal
—
Castle
8:52
Imperial
—
| APM avg | 24.1 |
| APM peak | 34 |
| eAPM avg | 17.5 |
| Villagers / military | 36 / 38 |
Focus
⚔️ 37.6% · 🌾 62.4%
Spearman ×21 · Knight ×17
Match map
Resources at game start + every placement click. Thick line = wall · dashed box = detected house wall. 🟡 gold · ⚪ stone · 🟢 berries · 🔶 boar · ⭕ relic
Inputs per minute
— VPs - - mjb 2
Build order — VPs
123 actions detected in the replay
| 0:03 | Create | Villager (Male) |
| 0:19 | Build | House |
| 0:22 | Research | Double-Bit Axe |
| 0:25 | Create | Villager (Male) |
| 0:32 | Build | Stable |
| 0:46 | Create | Villager (Male) |
| 1:00 | Create | Villager (Male) |
| 1:08 | Build | Mill |
| 1:10 | Create | Scout Cavalry |
| 1:16 | Build | Farm |
| 1:27 | Build | Palisade Wall |
| 1:42 | Create | Villager (Male) |
| 1:47 | Build | House |
| 1:48 | Build | House |
| 1:51 | Build | Palisade Wall |
| 1:54 | Create | Villager (Male) |
| 2:12 | Create | Scout Cavalry |
| 2:15 | Create | Villager (Male) |
| 2:25 | Build | Palisade Wall |
| 2:28 | Create | Villager (Male) |
| 2:33 | Create | Scout Cavalry |
| 2:39 | Build | Palisade Wall |
| 2:43 | Create | Villager (Male) |
| 2:46 | Build | Farm |
| 2:49 | Build | Farm |
| 2:49 | Build | Farm |
| 2:49 | Build | Farm |
| 2:50 | Build | Farm |
| 2:50 | Build | Farm |
| 2:56 | Create | Scout Cavalry |
| 3:25 | Create | Spearman |
| 3:26 | Create | Spearman |
| 3:30 | Create | Scout Cavalry |
| 3:46 | Create | Villager (Male) |
| 3:59 | Create | Villager (Male) |
| 4:10 | Research | Forging |
| 4:16 | Create | Villager (Male) |
| 4:18 | Build | Archery Range |
| 4:49 | Create | Scout Cavalry |
| 4:49 | Create | Scout Cavalry |
| 4:53 | Create | Skirmisher ×2 |
| 5:03 | Create | Villager (Male) |
| 5:10 | Create | Villager (Male) |
| 5:14 | Build | Farm |
| 5:14 | Build | Farm |
| 5:15 | Build | Farm |
| 5:15 | Build | Farm |
| 5:16 | Build | Farm |
| 5:31 | Build | House |
| 5:33 | Build | House |
| 5:51 | Research | Wheelbarrow |
| 5:59 | Create | Scout Cavalry |
| 6:02 | Create | Villager (Male) |
| 6:05 | Build | Farm |
| 6:05 | Build | Farm |
| 6:06 | Build | Farm |
| 6:06 | Build | Farm |
| 6:06 | Build | Farm |
| 6:49 | Build | Farm |
| 6:49 | Build | Farm |
| 6:49 | Build | Farm |
| 7:10 | Build | House |
| 7:15 | Build | House |
| 7:47 | Create | Villager (Male) |
| 8:12 | Create | Villager (Male) |
| 8:15 | Build | Farm |
| 8:15 | Build | Farm |
| 8:25 | Create | Skirmisher ×5 |
| 8:26 | Research | Castle Age |
| 8:33 | Build | Archery Range |
| 8:45 | Create | Villager (Male) |
| 9:21 | Research | Scale Barding Armor |
| 9:52 | Research | Gold Mining |
| 9:54 | Create | Villager (Male) |
| 10:00 | Build | Palisade Wall |
| 10:06 | Build | Mining Camp |
| 10:11 | Create | Skirmisher |
| 10:11 | Create | Skirmisher |
| 10:14 | Research | Horse Collar |
| 10:22 | Research | Stone Mining |
| 10:48 | Research | Fletching |
| 11:08 | Create | Skirmisher |
| 11:08 | Create | Skirmisher |
| 11:17 | Age | Castle Age |
| 11:19 | Build | Stable |
| 11:22 | Create | Battle Elephant |
| 11:25 | Create | Knight |
| 11:25 | Create | Knight |
| 11:28 | Research | Bloodlines |
| 11:41 | Research | Bow Saw |
| 12:24 | Build | House |
| 12:32 | Build | House |
| 12:39 | Build | Farm |
| 12:52 | Create | Villager (Male) |
| 13:01 | Research | Elite Skirmisher (upgrade) |
| 13:06 | Create | Knight |
| 13:21 | Create | Villager (Male) |
| 13:24 | Create | Villager (Male) |
| 13:26 | Research | Light Cavalry (upgrade) |
| 13:26 | Research | Husbandry |
| 13:28 | Create | Scout Cavalry |
| 13:28 | Create | Scout Cavalry |
| 13:29 | Create | Scout Cavalry |
| 13:29 | Create | Scout Cavalry |
| 13:30 | Create | Scout Cavalry |
| 13:32 | Create | Skirmisher |
| 13:33 | Create | Skirmisher |
| 13:33 | Create | Skirmisher |
| 13:59 | Build | Castle |
| 14:16 | Create | Scout Cavalry |
| 14:16 | Create | Scout Cavalry |
| 14:17 | Create | Scout Cavalry |
| 14:18 | Create | Scout Cavalry |
| 14:18 | Create | Scout Cavalry |
| 14:27 | Create | Knight |
| 14:28 | Create | Knight |
| 14:33 | Create | Skirmisher |
| 14:33 | Create | Skirmisher |
| 14:34 | Create | Skirmisher |
| 14:38 | Create | Villager (Male) |
| 14:39 | Create | Villager (Male) |
| 15:02 | Build | House |
| 15:07 | Build | House |
Build order — mjb 2
133 actions detected in the replay
| 0:00 | Create | Villager (Male) |
| 0:04 | Create | Spearman |
| 0:08 | Research | Double-Bit Axe |
| 0:10 | Build | House |
| 0:12 | Build | Palisade Wall |
| 0:40 | Build | House |
| 0:42 | Create | Villager (Male) |
| 0:49 | Research | Horse Collar |
| 1:11 | Create | Spearman |
| 1:27 | Create | Villager (Male) |
| 1:35 | Build | Farm |
| 1:36 | Build | Farm |
| 1:40 | Create | Spearman |
| 1:45 | Create | Villager (Male) |
| 1:55 | Build | House |
| 1:57 | Build | House |
| 1:58 | Build | House |
| 2:06 | Build | Palisade Wall |
| 2:11 | Create | Villager (Male) |
| 2:12 | Create | Spearman |
| 2:14 | Build | Farm |
| 2:24 | Create | Villager (Male) |
| 2:26 | Create | Spearman |
| 2:32 | Build | Farm |
| 2:42 | Build | Mill |
| 2:46 | Create | Spearman |
| 3:23 | Create | Villager (Male) |
| 3:24 | Create | Spearman |
| 3:29 | Build | Farm |
| 3:29 | Build | Farm |
| 3:29 | Build | Farm |
| 3:39 | Build | Farm |
| 3:40 | Create | Spearman |
| 3:50 | Create | Spearman |
| 4:20 | Create | Spearman |
| 4:21 | Create | Spearman |
| 4:24 | Build | Farm |
| 4:26 | Build | Farm |
| 4:26 | Build | Farm |
| 4:27 | Build | Farm |
| 4:28 | Create | Villager (Male) |
| 4:31 | Create | Spearman |
| 4:52 | Build | House |
| 4:55 | Build | House |
| 5:16 | Build | Stable |
| 5:20 | Create | Villager (Male) |
| 5:21 | Create | Spearman |
| 5:32 | Create | Spearman |
| 5:50 | Build | House |
| 6:12 | Research | Castle Age |
| 6:12 | Research | Castle Age |
| 6:32 | Create | Spearman |
| 6:32 | Create | Spearman |
| 6:45 | Research | Forging |
| 7:14 | Build | Palisade Wall |
| 7:28 | Build | Stable |
| 7:57 | Build | House |
| 8:10 | Create | Spearman |
| 8:11 | Create | Spearman |
| 8:11 | Create | Spearman |
| 8:18 | Build | House |
| 8:22 | Build | Palisade Wall |
| 8:39 | Create | Spearman |
| 8:39 | Create | Spearman |
| 8:52 | Age | Castle Age |
| 8:54 | Build | Town Center |
| 8:56 | Create | Villager (Male) |
| 8:56 | Create | Villager (Male) |
| 9:44 | Build | Town Center |
| 9:46 | Research | Bow Saw |
| 9:47 | Create | Villager (Male) |
| 9:47 | Create | Villager (Male) |
| 9:51 | Create | Knight |
| 9:51 | Create | Knight |
| 9:54 | Create | Knight |
| 9:55 | Create | Knight |
| 10:14 | Build | Farm |
| 10:15 | Build | Farm |
| 10:16 | Research | Heavy Plow |
| 10:46 | Create | Villager (Male) |
| 10:51 | Create | Villager (Male) |
| 10:54 | Create | Villager (Male) |
| 11:02 | Build | Mill |
| 11:03 | Build | Farm |
| 11:03 | Build | Farm |
| 11:08 | Research | Wheelbarrow |
| 11:16 | Create | Knight |
| 11:17 | Create | Knight |
| 11:24 | Build | Farm |
| 11:35 | Build | Farm |
| 11:35 | Build | Farm |
| 11:39 | Build | Farm |
| 11:42 | Create | Villager (Male) |
| 11:43 | Create | Villager (Male) |
| 11:51 | Research | Bloodlines |
| 12:03 | Build | House |
| 12:18 | Create | Knight |
| 12:19 | Create | Knight |
| 12:27 | Create | Villager (Male) |
| 12:28 | Create | Villager (Male) |
| 12:29 | Create | Villager (Male) |
| 12:32 | Create | Villager (Male) |
| 12:51 | Create | Villager (Male) |
| 12:52 | Create | Villager (Male) |
| 12:54 | Create | Knight |
| 12:55 | Create | Knight |
| 13:15 | Create | Villager (Male) |
| 13:15 | Create | Villager (Male) |
| 13:16 | Create | Villager (Male) |
| 13:24 | Build | Mill |
| 13:25 | Build | Farm |
| 13:35 | Create | Knight |
| 13:38 | Build | Farm |
| 13:40 | Create | Villager (Male) |
| 13:45 | Research | Scale Barding Armor |
| 14:00 | Create | Knight |
| 14:03 | Create | Knight |
| 14:13 | Create | Villager (Male) |
| 14:14 | Create | Villager (Male) |
| 14:15 | Create | Villager (Male) |
| 14:18 | Create | Knight |
| 14:19 | Create | Knight |
| 14:26 | Research | Iron Casting |
| 14:35 | Create | Villager (Male) |
| 14:38 | Create | Villager (Male) |
| 14:39 | Create | Villager (Male) |
| 14:44 | Create | Knight |
| 14:46 | Create | Knight |
| 14:57 | Create | Villager (Male) |
| 14:57 | Create | Villager (Male) |
| 15:02 | Build | Farm |
| 15:08 | Build | Farm |
| 15:13 | Build | Farm |
Match timeline
| 0:12 | mjb 2 · wall_segment Palisade Wall x1 |
| 0:32 | VPs · first_building Stable |
| 1:27 | VPs · wall_segment Palisade Wall x7 |
| 1:51 | VPs · wall_segment Palisade Wall x1 |
| 2:06 | mjb 2 · wall_segment Palisade Wall x1 |
| 2:25 | VPs · wall_segment Palisade Wall x18 |
| 2:39 | VPs · wall_segment Palisade Wall x12 |
| 4:18 | VPs · first_building Archery Range |
| 5:16 | mjb 2 · first_building Stable |
| 7:14 | mjb 2 · wall_segment Palisade Wall x1 |
| 8:22 | mjb 2 · wall_segment Palisade Wall x5 |
| 8:52 | mjb 2 · age_up castle |
| 10:00 | VPs · wall_segment Palisade Wall x16 |
| 11:17 | VPs · age_up castle |
| 13:59 | VPs · first_building Castle |
| 15:59 | VPs · resign |
[ AI ANALYSIS · 1 CREDIT ]
What really happened in this match?
Wolo.gg analyzes every decision: build order, eco, micro, common mistakes by bracket. Personalized analysis on WhatsApp or Discord in 30 seconds.
Civ guide
Khmer
Map guide
Crownwood
Perfil
VPs